 Dungeon Crawl Stone Soup version 0.25-a0-21-ga5a8db46c7 (webtiles) character file.

Game seed: 17326728285470230593, levelgen mode: deterministic

228 Arixos the Skirmisher (level 5, -2/66 HPs)
             Began as a Demonspawn Fighter on Oct 15, 2019.
             Was an Initiate of Okawaru.
             Killed by divine providence
             ... invoked by an orc priest
              (13 damage)
             ... on level 4 of the Dungeon.
             The game lasted 00:08:49 (2497 turns).

Arixos the Skirmisher (Demonspawn Fighter)          Turns: 2497, Time: 00:08:50

Health: -2/66      AC: 22    Str: 17    XL:     5   Next: 70%
Magic:  5/5        EV:  2    Int: 10    God:    Okawaru [......]
Gold:   117        SH:  9    Dex: 12    Spells: 4/4 levels left

rFire    . . .     SeeInvis .   n - +4 long sword
rCold    . . .     Gourm    .   b - +0 shield
rNeg     + + +     Faith    .   (armour currently unavailable)
rPois    +         Spirit   .   (helmet currently unavailable)
rElec    .         Reflect  .   (cloak currently unavailable)
rCorr    .         Harm     .   (gloves currently unavailable)
MR       +....     NoTele   +   (boots currently unavailable)
Stlth    ++........             (no amulet)
HPRegen  0.21/turn              m - ring of protection from magic
MPRegen  0.09/turn              (no ring)

@: tree-form
A: rugged brown scales 2, nightstalker 1
a: Renounce Religion


You were on level 4 of the Dungeon.
You worshipped Okawaru.
Okawaru was noncommittal.
You were not hungry.
You were a tree.
You visited 2 branches of the dungeon, and saw 4 of its levels.

You collected 117 gold pieces.

Inventory:

Hand Weapons
 n - a +4 long sword (weapon)
Armour
 b - a +0 shield (worn)
 o - a +0 cloak (melded)
 t - a +0 plate armour (melded)
Jewellery
 m - a ring of protection from magic (left branch)
 p - a +2 ring of intelligence {unknown}
Scrolls
 e - a scroll of fear {unknown}
 i - 2 scrolls of remove curse {unknown}
 l - a scroll of identify {unknown}
 r - a scroll of noise {unknown}
 s - a scroll of fog {unknown}
Potions
 c - a potion of might
 f - 2 potions of lignification
 h - a potion of cancellation {unknown}
 j - 2 potions of agility {unknown}
 k - a potion of haste {unknown}
 q - a potion of curing {unknown}
Comestibles
 d - 7 rations
 g - 2 chunks of flesh


   Skills:
 + Level 4.1 Fighting
 + Level 3.7 Armour
 + Level 3.7 Shields
 + Level 3.1 Unarmed Combat


You had 4 spell levels left.
You didn't know any spells.
Your spell library was empty.

Dungeon Overview and Level Annotations

Branches:
Dungeon (4/15)             Temple (1/1) D:4

Altars:
Ashenzari
Cheibriados
Dithmenos
Elyvilon
Fedhas
Gozag
Hepliaklqana
Kikubaaqudgha
Makhleb
Nemelex Xobeh
Okawaru
Qazlal
Ru
Sif Muna
Uskayaw
Vehumet
Wu Jian
Xom
Yredelemnul
Zin
The Shining One

Annotations:
D:4 mitkoXXVII's ghost, amateur FoFi


Innate Abilities, Weirdness & Mutations

(You are mostly covered in rugged brown scales. (AC +2, +5% HP))
You are slightly more attuned to the shadows.


Message History

You hit the orc but do no damage.
The orc is heavily wounded.
You block the orc's attack. The orc hits you but does no damage.
Your shield prevents you from hitting the orc.
The orc is moderately wounded.
You block the orc's attack. The orc completely misses you.
You riposte.
You slash the orc!
You kill the orc!
Okawaru accepts your kill. You block the orc's attack.
You hit the orc.
The orc is moderately wounded.
The orc hits you with a +0 flail.
* * * LOW HITPOINT WARNING * * *
You slash the orc!
You kill the orc!
Okawaru accepts your kill.
The orc priest mumbles some strange prayers to Beogh against you.
Beogh smites you!
You die...

#################
#...............#
#...............#
#...##..##..##♣)#
#..####....####o#
#..## ##..## .#
###...## #..# .#
.......# #..# .#
###..#....... .#
#..#........ .#
##...###..###
#..## #..#


You could see an orc priest.

Vanquished Creatures
  Crazy Yiuf (D:4)
  A hound (D:4)
  An orc priest (D:4)
  Jessica (D:2)
  A hound skeleton (D:4)
  3 adders (D:2)
  An adder skeleton (D:4)
  3 dart slugs
  2 orcs (D:4)
  2 giant cockroaches
  11 goblins
  7 hobgoblins
  6 jackals
  A quokka (D:2)
  A ball python (D:1)
  5 bats
  4 frilled lizards
  5 kobolds
  4 rats (D:1)
60 creatures vanquished.

Notes
Turn   | Place    | Note
-------+----------+-------------------------------------------
     0 | D:1      | Arixos the Demonspawn Fighter began the quest for the Orb.
     0 | D:1      | Reached XP level 1. HP: 18/18 MP: 1/1
   263 | D:1      | Gained mutation: You are partially covered in rugged brown
                  | scales. (AC +1, +3% HP) [demonic ancestry]
   263 | D:1      | Reached XP level 2. HP: 15/24 MP: 2/2
   826 | D:1      | Reached XP level 3. HP: 27/29 MP: 3/3
  1017 | D:2      | Found a shattered altar of Ashenzari.
  1021 | D:2      | Saw a vision of the Shoals and the Spider Nest.
  1021 | D:2      | Noticed a merfolk
  1021 | D:2      | Noticed a hippogriff
  1021 | D:2      | Noticed a merfolk
  1021 | D:2      | Noticed a merfolk
  1021 | D:2      | Noticed a merfolk siren
  1021 | D:2      | Noticed a centaur
  1021 | D:2      | Noticed a sea snake
  1021 | D:2      | Noticed a wolf spider
  1021 | D:2      | Noticed a redback
  1021 | D:2      | Noticed a wolf spider
  1021 | D:2      | Noticed a redback
  1022 | D:2      | Noticed a merfolk
  1022 | D:2      | Noticed a merfolk
  1022 | D:2      | Noticed a merfolk
  1024 | D:2      | Noticed a wolf spider
  1532 | D:2      | Gained mutation: You are slightly more attuned to the
                  | shadows. [demonic ancestry]
  1532 | D:2      | Reached XP level 4. HP: 36/36 MP: 4/4
  1569 | D:2      | Noticed Jessica
  1583 | D:2      | Killed Jessica
  1760 | D:2      | You fall into a shaft and drop 2 floors!
  1927 | D:4      | Noticed an ogre
  1928 | D:4      | Noticed a big kobold
  1930 | D:4      | Noticed mitkoXXVII's ghost (amateur FoFi)
  1977 | D:4      | Found a runed translucent door.
  1978 | D:4      | Noticed Crazy Yiuf
  1992 | D:4      | Killed Crazy Yiuf
  1992 | D:4      | Gained mutation: You are mostly covered in rugged brown
                  | scales. (AC +2, +5% HP) [demonic ancestry]
  1992 | D:4      | Reached XP level 5. HP: 32/44 MP: 5/5
  2177 | D:4      | Found a staircase to the Ecumenical Temple.
  2182 | Temple   | Entered the Ecumenical Temple
  2261 | Temple   | Became a worshipper of Warmaster Okawaru
  2305 | D:4      | Reached skill level 4 in Fighting
  2497 | D:4      | Killed from afar by an orc priest

Levels and vault maps discovered:
D:1:      minmay_arrival_loop, layout_basic, hangedman_decor_opposing
D:2:      minmay_recursive_quarters, layout_loops_corners,
          grunt_ashenzari_visionary [grunt_ashenzari_visionary_shoals,
          grunt_ashenzari_visionary_spider], uniq_jessica
D:4:      minmay_thick_lines, layout_rooms, minmay_temple_entry_glassed_door,
          first_ration, gammafunk_ghost_arena, minmay_misc_feat_secret_circle,
          chequers_serial_rivers_micro_c, palyth_stone_intersect,
          uniq_crazy_yiuf_cottage, uniq_menkaure
Temple:   grunt_wide_crystal_templ

Skill      XL: |  1  2  3  4  5 |
---------------+----------------+-----
Unarmed Combat | 2 3 |  3.1
Armour         | 3 |  3.7
Shields        | 3 |  3.7
Fighting       | 4 |  4.1

Action                   |  1- 3 |  4- 6 || total
-------------------------+-------+-------++-------
Melee: Whip              |   143 |       ||   143
       Long sword        |     5 |    78 ||    83
  Use: Potion            |       |     1 ||     1
  Eat: Chunk             |     2 |     3 ||     5
Armor: Scale mail        |    58 |    26 ||    84
       Skin              |       |    14 ||    14
       Plate armour      |       |     2 ||     2
Dodge: Dodged            |    31 |    20 ||    51
Block: Shield            |    62 |    52 ||   114
       Rpst.: Long sword |     1 |     6 ||     7

Table legend:
 A = Non-vault XP
 B = Vault XP
 C = Vault XP percentage of total XP
 D = Non-vault monster count
 E = Vault monster count
 F = Vault count percentage of total count
                 A         B        C        D         E       F
            +---------+---------+-------+---------+---------+-------
      Total |     227 |      99 |  30.4 |      50 |      10 |  16.7
            +---------+---------+-------+---------+---------+-------
        D:1 |      47 |       0 |   0.0 |      26 |       0 |   0.0
        D:2 |      67 |      49 |  42.2 |      18 |       8 |  30.8
        D:4 |     113 |      50 |  30.7 |       6 |       2 |  25.0
            +---------+---------+-------+---------+---------+-------
